 Dungeon Crawl Stone Soup version 0.23-a0-644-gb60d84b (webtiles) character file.

2653 Lanoc the Grappler (level 9, -4/89 HPs)
             Began as a Troll Monk on Jan 2, 2019.
             Was a Believer of Qazlal.
             Slain by a two-headed ogre
             ... wielding a +0 giant club
              (5 damage)
             ... on level 8 of the Dungeon.
             The game lasted 00:07:56 (3480 turns).

Lanoc the Grappler (Troll Monk)                     Turns: 3480, Time: 00:07:56

Health: -4/89      AC:  8    Str: 24    XL:     9   Next: 36%
Magic:  9/9        EV: 13    Int:  6    God:    Qazlal [**....]
Gold:   304        SH:  3    Dex: 18    Spells: 8/8 levels left

rFire    . . .     SeeInvis .     - Unarmed
rCold    . . .     Gourm    +   (no shield)
rNeg     . . .     Faith    .   w - +2 robe {Archmagi}
rPois    .         Spirit   .   (helmet restricted)
rElec    .         Reflect  .   o - +0 cloak
rCorr    .         Harm     .   (gloves unavailable)
MR       .....                  (boots unavailable)
Stlth    ++........             r - amulet of the acrobat
HPRegen  0.64/turn              u - +6 ring of dexterity
MPRegen  0.11/turn              (no ring)

@: slowed, very slow
A: large, unfitting armour, claws 3, fast metabolism 3, gourmand, regeneration
1, shaggy fur 1, tough skin 2
a: Upheaval, Renounce Religion


You were on level 8 of the Dungeon.
You worshipped Qazlal.
Qazlal was pleased with you.
You were completely stuffed.

You visited 2 branches of the dungeon, and saw 9 of its levels.

You collected 304 gold pieces.

Inventory:

Armour
 o - a +0 cloak (worn)
 w - a +2 robe of the Archmagi (worn)
Jewellery
 r - an amulet of the acrobat (around neck)
 u - a +6 ring of dexterity (left claw)
Wands
 l - a wand of random effects (14)
 p - a wand of iceblast (12)
 s - a wand of enslavement (4)
Scrolls
 e - 3 scrolls of teleportation
 h - a scroll of noise {unknown}
 i - 4 scrolls of enchant armour
 k - 3 scrolls of remove curse
 m - a scroll of random uselessness {unknown}
 q - 2 scrolls of magic mapping
 t - a scroll of immolation {unknown}
Potions
 c - a potion of resistance {unknown}
 d - a potion of curing
 f - a potion of heal wounds
 j - 2 potions of might
 n - 2 potions of agility {unknown}
 v - a potion of invisibility {unknown}
Comestibles
 b - 12 rations
 g - 5 chunks of flesh


   Skills:
 + Level 5.8 Fighting
 + Level 5.7 Dodging
 - Level 1.0 Stealth
 * Level 9.5 Unarmed Combat
 - Level 1.6 Invocations


You had 8 spell levels left.
You didn't know any spells.
Your spell library was empty.

Dungeon Overview and Level Annotations

Branches:
Dungeon (7/15)             Temple (1/1) D:7

Altars:
Cheibriados
Dithmenos
Elyvilon
Gozag
Hepliaklqana
Nemelex Xobeh
Okawaru
Qazlal
Ru
Uskayaw
Vehumet

Shops:
D:5 (


Innate Abilities, Weirdness & Mutations

You are too large for most types of armour.
You have claws for hands.
Your metabolism is lightning-fast.
You like to eat raw meat.
Your natural rate of healing is unusually fast.
You are covered in fur. (AC +1)
You have very tough skin. (AC +2)


Message History

You claw the two-headed ogre!
The two-headed ogre is moderately wounded.
The two-headed ogre closely misses you.
The two-headed ogre hits you with a +0 great mace!
You barely miss the two-headed ogre.
The two-headed ogre is moderately wounded.
You block the two-headed ogre's attack.
The two-headed ogre hits you with a +0 great mace!
You scratch the two-headed ogre.
You claw the two-headed ogre, but do no damage.
The two-headed ogre is moderately wounded.
The two-headed ogre hits you with a +0 giant club!
* * * LOW HITPOINT WARNING * * *
The two-headed ogre hits you with a +0 great mace!
* * * LOW HITPOINT WARNING * * *
You feel much better.
The two-headed ogre hits you with a +0 giant club!
* * * LOW HITPOINT WARNING * * *
The two-headed ogre hits you with a +0 great mace.
You die...

## ### #.#
#.. #O#.#
#@# #.#
#.# #.#
########.#
......)..#
########.#
########.#
.........#


You could see a two-headed ogre.

Vanquished Creatures
  Erica (D:8)
  A black bear (D:8)
  A sky beast (D:5)
  An ice beast (D:6)
  An orc warrior (D:6)
  A phantom (D:6)
  2 ogres
  2 centaurs
  2 bullfrogs (D:7)
  3 killer bees (D:7)
  5 wights (D:6)
  A bullfrog zombie (D:6)
  2 crimson imps (D:5)
  2 jellies
  2 hounds
  Crazy Yiuf (D:4)
  2 bullfrog skeletons (D:6)
  An orc priest (D:4)
  4 orc wizards
  Ijyb (D:3)
  2 iguanas (D:5)
  3 worker ants
  A hound skeleton (D:5)
  Robin (D:4)
  3 gnolls (D:2)
  3 adders
  2 worms (D:2)
  2 dart slugs (D:2)
  2 leopard geckos
  7 orcs
  6 bats
  6 giant cockroaches
  12 goblins
  11 hobgoblins
  5 quokkas
  6 frilled lizards
  A giant cockroach zombie (D:6)
  12 kobolds
  A leopard gecko skeleton (D:6)
  A quokka zombie (D:6)
  A rat (D:3)
124 creatures vanquished.

Vanquished Creatures (others)
  A leopard gecko (D:8)
1 creature vanquished.

Grand Total: 125 creatures vanquished

Notes
Turn   | Place    | Note
-------+----------+-------------------------------------------
     0 | D:1      | Lanoc the Troll Monk began the quest for the Orb.
     0 | D:1      | Reached XP level 1. HP: 22/22 MP: 0/0
    73 | D:1      | Reached XP level 2. HP: 29/29 MP: 1/1
   146 | D:2      | Reached XP level 3. HP: 3/36 MP: 2/2
   302 | D:2      | Reached skill level 4 in Unarmed Combat
   322 | D:2      | Reached XP level 4. HP: 44/44 MP: 3/3
   498 | D:2      | Noticed a centaur
   503 | D:2      | Killed a centaur
   503 | D:2      | Reached XP level 5. HP: 48/53 MP: 4/4
   617 | D:2      | Found an opulent altar of Gozag.
   837 | D:3      | Found a shadowy altar of Dithmenos.
   898 | D:3      | Noticed Ijyb
   910 | D:3      | Killed Ijyb
  1100 | D:3      | Reached skill level 5 in Unarmed Combat
  1356 | D:4      | Found a radiant altar of Vehumet.
  1373 | D:4      | Reached XP level 6. HP: 45/61 MP: 5/5
  1411 | D:4      | Noticed Robin
  1438 | D:4      | Killed Robin
  1713 | D:4      | Found a runed door.
  1810 | D:4      | Noticed Crazy Yiuf
  1814 | D:4      | Killed Crazy Yiuf
  1852 | D:5      | Entered Level 5 of the Dungeon
  1963 | D:5      | Found Ukurull's Antique Weapon Shoppe.
  2104 | D:5      | Noticed a sky beast
  2120 | D:5      | Killed a sky beast
  2120 | D:5      | Reached skill level 6 in Unarmed Combat
  2120 | D:5      | Reached XP level 7. HP: 66/68 MP: 6/6
  2233 | D:5      | Found a stormy altar of Qazlal.
  2254 | D:5      | Became a worshipper of Qazlal Stormbringer
  2254 | D:5      | Reached * piety under Qazlal
  2254 | D:5      | Reached ** piety under Qazlal
  2359 | D:6      | Found a hide-covered altar of Uskayaw.
  2361 | D:6      | Found a snail-covered altar of Cheibriados.
  2362 | D:6      | Found a sparkling altar of Nemelex Xobeh.
  2362 | D:6      | Found a white marble altar of Elyvilon.
  2438 | D:6      | Reached skill level 7 in Unarmed Combat
  2566 | D:6      | Reached XP level 8. HP: 45/79 MP: 7/7
  2746 | D:6      | Reached skill level 8 in Unarmed Combat
  2754 | D:6      | Reached skill level 5 in Fighting
  2813 | D:6      | Reached skill level 5 in Dodging
  3208 | D:7      | Found a staircase to the Ecumenical Temple.
  3214 | Temple   | Entered the Ecumenical Temple
  3373 | D:7      | You fall through a shaft!
  3378 | D:8      | Found an iron altar of Okawaru.
  3382 | D:8      | Reached skill level 9 in Unarmed Combat
  3382 | D:8      | Reached XP level 9. HP: 88/88 MP: 8/8
  3437 | D:8      | Noticed Erica
  3451 | D:8      | Killed Erica
  3451 | D:8      | Reached skill level 1 in Invocations
  3475 | D:8      | Noticed a two-headed ogre
  3479 | D:8      | HP: 4/89 [two-headed ogre/+0 giant club (14)]
  3480 | D:8      | HP: 1/89 [two-headed ogre/+0 giant club (16)]
  3480 | D:8      | Slain by a two-headed ogre

Vault maps used:
D:1:      wander_arrival_abandoned_jail
D:2:      grunt_gozag_statues, first_ration, minmay_goblin_kobold_house
D:3:      grunt_dithmenos_smoke, uniq_ijyb
D:4:      fiery_altar_vehumet, uniq_crazy_yiuf_cottage, uniq_robin
D:5:      basic_altar, serial_shops, kennysheep_mini_moat
D:6:      grunt_temple_overflow_open
D:7:      lemuel_coloured_pillars_altar, minmay_temple_entry_ruins,
          okawaru_humans
D:8:      grunt_temple_overflow_growth_and_decay,
          nicolae_overflow_crystal_walls, old_standard_altar,
          lemuel_round_altar, serial_shops, shop_fountains, grunt_pizzeria,
          uniq_erica
Temple:   compressed_dpeg_triangle_lava_temple

Skill      XL: |  1  2  3  4  5  6  7  8  9 |
---------------+----------------------------+-----
Unarmed Combat | 4 5 6 7 9 |  9.5
Fighting       | 3 4 5 |  5.8
Dodging        | 3 4 5 |  5.7
Invocations    | 1 |  1.6
Stealth        | |  1.0

Action                   |  1- 3 |  4- 6 |  7- 9 || total
-------------------------+-------+-------+-------++-------
Melee: Unarmed           |    66 |   159 |   137 ||   362
       Punch             |     2 |     1 |    12 ||    15
  Use: Scroll            |       |     5 |     5 ||    10
       Potion            |       |       |     2 ||     2
 Stab: Sleeping          |     1 |     3 |       ||     4
  Eat: Chunk             |     6 |    16 |    16 ||    38
Armor: Robe              |    34 |    59 |    24 ||   117
Dodge: Dodged            |    40 |    81 |    76 ||   197
Block: Other             |       |       |    20 ||    20

Table legend:
 A = Non-vault XP
 B = Vault XP
 C = Vault XP percentage of total XP
 D = Non-vault monster count
 E = Vault monster count
 F = Vault count percentage of total count
                 A         B        C        D         E       F
            +---------+---------+-------+---------+---------+-------
      Total |    2767 |    1024 |  27.0 |     102 |      22 |  17.7
            +---------+---------+-------+---------+---------+-------
        D:1 |      13 |       0 |   0.0 |       8 |       0 |   0.0
        D:2 |     221 |       8 |   3.5 |      30 |       6 |  16.7
        D:3 |      25 |      36 |  59.0 |       8 |       1 |  11.1
        D:4 |      98 |      78 |  44.3 |       9 |      14 |  60.9
        D:5 |     518 |       0 |   0.0 |      11 |       0 |   0.0
        D:6 |    1089 |       0 |   0.0 |      22 |       0 |   0.0
        D:7 |     630 |       0 |   0.0 |      12 |       0 |   0.0
        D:8 |     173 |     902 |  83.9 |       2 |       1 |  33.3
            +---------+---------+-------+---------+---------+-------
